 Dungeon Crawl Stone Soup version 0.28.0-53-g5a82cb258f (webtiles) character file.

Game seed: 17565671801956321468

541 MalarOregon the Skirmisher (level 7, -14/58 HPs)
             Began as a Palentonga Fighter on June 15, 2022.
             Was an Initiate of Ru.
             Demolished by an ogre
             ... wielding a +0 giant spiked club
              (18 damage)
             ... on level 4 of the Dungeon.
             The game lasted 00:09:28 (3825 turns).

MalarOregon the Skirmisher (Palentonga Fighter)     Turns: 3825, Time: 00:09:28

Health: -14/58     AC: 17    Str: 22    XL:     7   Next: 5%
Magic:  7/7        EV:  8    Int:  8    God:    Ru [......]
Gold:   34         SH:  4    Dex: 15    Spells: 6/6 levels left

rFire   . . .      SeeInvis +   u - +1 broad axe (drain)
rCold   . . .      Faith    .   c - +0 buckler
rNeg    . . .      Spirit   .   b - +0 scale mail
rPois   .          Reflect  .   (no helmet)
rElec   .          Harm     .   (no cloak)
rCorr   .          Rampage  .   k - +2 pair of gloves
Will    +....                   (no barding)
Stlth   ..........              e - amulet of regeneration
HPRegen 0.99/turn               g - +6 ring of dexterity
MPRegen 0.10/turn               p - ring of willpower

@: curled up
A: large, rugged brown scales 3, see invisible, deformed body, roll 1, armoured
tail, reflexive curl
a: Rolling Charge, Renounce Religion


You were on level 4 of the Dungeon.
You worshipped Ru.
Ru was noncommittal.
You visited 1 branch of the dungeon, and saw 4 of its levels.
You also visited: Sewer.

You collected 905 gold pieces.
You spent 871 gold pieces at shops.


Innate Abilities, Weirdness & Mutations

You are completely covered in rugged brown scales. (AC +3, +7% HP)
You have supernaturally acute eyesight. (SInv)
Armour fits poorly on your strangely shaped body.
You can roll at nearby foes to attack.
You have a long armoured tail.
You curl defensively after being hit. (AC +7*)


   Skills:
 + Level 4.8 Fighting
 + Level 4.1 Maces & Flails
 + Level 3.9 Armour
 + Level 2.7 Dodging
 - Level 2.4 Shields


You had 6 spell levels left.
You didn't know any spells.
Your spell library contained the following spells:

 Spells                   Type           Power      Damage    Failure   Level
 Gell's Gravitas          Tloc           0%         N/A       99%         3
 Teleport Other           Tloc           0%         N/A       99%         3
 Dispersal                Tloc           0%         N/A       100%        6

Inventory:

Hand Weapons
 u - a +1 broad axe of draining (weapon)
   (You bought it in a shop on level 4 of the Dungeon)
 y - a +0 flail of venom
   (You took it off a goblin on level 4 of the Dungeon)
Missiles
 n - 26 poisoned darts
Armour
 b - a +0 scale mail (worn)
 c - a +0 buckler (worn)
 k - a +2 pair of gloves (worn)
   (You found it on level 1 of the Dungeon)
 x - a +0 cloak
   (You found it on level 4 of the Dungeon)
Jewellery
 e - an amulet of regeneration (around neck)
   (You bought it in a shop on level 2 of the Dungeon)
 g - a +6 ring of dexterity (left hand)
   (You found it on level 2 of the Dungeon)
 p - a ring of willpower (right hand)
   (You bought it in a shop on level 2 of the Dungeon)
Scrolls
 j - a scroll of amnesia
 r - 2 scrolls of identify {@r1}
 s - a scroll of magic mapping
 v - a scroll of brand weapon {unknown}
 w - a scroll of fog {unknown}
Potions
 a - 3 potions of attraction {!q}
 d - a potion of might
 f - a potion of haste {unknown}
 i - 2 potions of cancellation {unknown}
 l - 3 potions of heal wounds {unknown}
 m - 2 potions of resistance {unknown}
 o - a potion of lignification {unknown}
 q - a potion of experience {unknown}

Dungeon Overview and Level Annotations

Branches:
Dungeon (4/15)              Sewer (visited)
 Temple: D:4-7

Altars:
Ru

Shops:
D:2 = D:4

( #### ##... #.....
......#############
.........##.......#
###
......JO@...#####.#
#.. ..####.g...##
##.#####.# ##...##
#.........
.......##
#.'####### ######.#
#.#....... #.#
#.#.'####' #+# #.
.#....# #. .#.##.#
#. .#.##.#


You could see an ogre (drained), an endoplasm and a hobgoblin.


Message History

A quokka comes into view.
You block the goblin's attack.
The quokka twitches its whiskers.
You barely miss the goblin. You block the goblin's attack.
The goblin hits you but does no damage.
You are poisoned.
You slash the goblin!
You kill the goblin!
You feel very sick.
The quokka bites you but does no damage.
You hit the quokka. You drain the quokka.
You kill the quokka!
You feel sick.
No target in view!
No target in view!
You feel sick.
You feel sick.
You feel sick.
You feel sick.
You feel sick.
You are no longer poisoned.
You now have 17 gold pieces (gained 10).
There is an open door here.
Things that are here:
a +0 flail of venom; a +0 robe; a quokka corpse
y - a +0 flail of venom You drop a +0 dagger of venom.
There is an open door here.
Found a mace.
There is an open door here.
A goblin comes into view. It is wielding a +0 dagger.
The goblin shouts!
There is an open door here.
A goblin is nearby!
No target in view!
No target in view!
Found a ring mail.
You closely miss the goblin. The goblin hits you but does no damage.
You slash the goblin!
You kill the goblin!
No target in view!
No target in view!
Things that are here:
a +0 dagger; a goblin corpse You see here a +0 ring mail.
Found 17 gold pieces.
You drop a +1 mace of protection.
You now have 34 gold pieces (gained 17).
Found a short sword.
You see here a +0 short sword.
A ball python comes into view.
The ball python hisses angrily.
A ball python is nearby!
A ball python is nearby!
You enter the shallow water.
Moving in this stuff is going to be slow.
You block the ball python's attack.
You slash the ball python!
You kill the ball python!
No target in view!
No target in view!
You enter the shallow water.
Moving in this stuff is going to be slow.
Key pressed, stopping explore.
Key pressed, stopping explore.
You enter the shallow water.
Moving in this stuff is going to be slow.
Key pressed, stopping explore.
Key pressed, stopping explore.
Found a club.
An ogre comes into view. It is wielding a +0 giant spiked club.
The ogre shouts!
An ogre is nearby!
An ogre is nearby!
A hobgoblin comes into view.
Roll where?
Press: ? - help, Dir - move target, f - ogre
Aim: an ogre, wielding a +0 giant spiked club You roll forward with a clatter of scales!
An endoplasm comes into view.
The hobgoblin shouts!
The endoplasm quivers.
You hit the ogre but do no damage. You drain the ogre. You tail-slap the ogre!
The ogre hits you with a +0 giant spiked club!
You hit the ogre but do no damage. The ogre barely misses you.
You hit the ogre.
The ogre hits you with a +0 giant spiked club!!
Ouch! That really hurt!
* * * LOW HITPOINT WARNING * * *
You are too injured to fight recklessly!
You hit the ogre. You barely miss the hobgoblin.
The hobgoblin hits you but does no damage.
The ogre hits you with a +0 giant spiked club!!
* * * LOW HITPOINT WARNING * * *
The hobgoblin closely misses you. The endoplasm freezes you.
You are frozen.
* * * LOW HITPOINT WARNING * * *
The ogre hits you with a +0 giant spiked club!!
You die...

Skill      XL: |  1  2  3  4  5  6 |
---------------+-------------------+-----
Dodging        | 1 2 |  2.7
Armour         | 3 |  3.9
Maces & Flails | 3 4 |  4.1
Fighting       | 4 |  4.8
Shields        | |  2.4

Action                   |  1- 3 |  4- 6 |  7- 9 || total
-------------------------+-------+-------+-------++-------
Melee: Flail             |    27 |       |       ||    27
       Tailslap          |     6 |    15 |     1 ||    22
       Mace              |    28 |   136 |       ||   164
       Broad axe         |       |    17 |    10 ||    27
 Abil: Rolling Charge    |     5 |     7 |     1 ||    13
  Use: Scroll            |       |     7 |       ||     7
Armor: Scale mail        |    24 |    99 |     4 ||   127
Dodge: Dodged            |    11 |    59 |     2 ||    72
Block: Buckler           |     5 |    35 |     3 ||    43

Levels and vault maps discovered:
D:1:      lightli_arrival_isolated_outpost, layout_loops_ring,
          hellmonk_ecumenical_altar_crossroads, minmay_split_cup_small
D:2:      wad_crossroads, layout_basic, serial_shops, shop
D:3:      layout_basic, mainiacjoe_overflow_catwalk, portal_sewer_entry_d,
          kennysheep_small_spiral, kennysheep_generic_room_13
D:4:      layout_loops_corners, serial_shops, nicolae_lakefront_shop,
          minmay_misc_feat_ornament, st_stairs_13, minivault_11,
          serial_bayou_lake_a

Notes
Turn   | Place    | Note
-------+----------+-------------------------------------------
     0 | D:1      | MalarOregon the Palentonga Fighter began the quest for the
                  | Orb.
     0 | D:1      | Reached XP level 1. HP: 19/19 MP: 1/1
     5 | D:1      | You fall into a shaft and drop 1 floor!
    40 | D:2      | Reached XP level 2. HP: 17/25 MP: 2/2
   330 | D:2      | You add the spells Gell's Gravitas, Teleport Other and
                  | Dispersal to your library.
   422 | D:2      | Reached XP level 3. HP: 23/31 MP: 3/3
   423 | D:2      | Found Vozidat's Jewellery Shoppe.
   616 | D:2      | Reached skill level 1 in Dodging
  1668 | D:1      | Reached XP level 4. HP: 38/38 MP: 4/4
  1904 | D:1      | Reached skill level 3 in Armour
  2074 | D:1      | Found a faded altar of an unknown god.
  2351 | D:3      | Identified a scroll of acquirement
  2351 | D:3      | Acquired 752 gold pieces
  2357 | D:2      | Bought an amulet of regeneration for 390 gold pieces
  2357 | D:2      | Bought a ring of willpower for 325 gold pieces
  2510 | D:3      | Reached skill level 3 in Maces & Flails
  2548 | D:3      | Found a glowing drain.
  2562 | Sewer    | Entered a sewer
  2579 | Sewer    | Noticed a kobold brigand
  2593 | Sewer    | Killed a kobold brigand
  2594 | Sewer    | Reached skill level 4 in Fighting
  2594 | Sewer    | Reached XP level 5. HP: 44/44 MP: 5/5
  2663 | Sewer    | Reached skill level 2 in Dodging
  2723 | Sewer    | HP: 9/44 [kobold brigand/+3 dagger (5)]
  2728 | Sewer    | Reached XP level 6. HP: 16/52 MP: 6/6
  3243 | D:3      | Found a sacrificial altar of Ru.
  3452 | D:3      | Became a worshipper of Ru the Awakened
  3522 | D:4      | Found Biatolec's Weapon Shoppe.
  3532 | D:4      | Bought a +1 broad axe of draining for 156 gold pieces
  3576 | D:4      | Reached skill level 4 in Maces & Flails
  3589 | D:4      | Gained mutation: You curl defensively after being hit. (AC
                  | +7*) [Palentonga growth]
  3589 | D:4      | Reached XP level 7. HP: 58/58 MP: 7/7
  3824 | D:4      | HP: 4/58 [ogre/+0 giant spiked club (18)]
  3825 | D:4      | Demolished by an ogre

Vanquished Creatures
  4 kobold brigands (Sewer)
  2 orc priests (D:4)
  2 orc wizards (D:4)
  A gnoll (D:1)
  6 adders
  2 dart slugs
  4 orcs
  5 bats
  7 endoplasms
  5 giant cockroaches
  A hobgoblin (D:3)
  4 jackals (D:1)
  13 kobolds
  4 quokkas
  10 ball pythons
  7 frilled lizards
  10 goblins
  3 rats
90 creatures vanquished.

Vanquished Creatures (others)
  6 plants (D:4)
6 creatures vanquished.

Grand Total: 96 creatures vanquished

Table legend:
 A = Non-vault XP
 B = Vault XP
 C = Vault XP percentage of total XP
 D = Non-vault monster count
 E = Vault monster count
 F = Vault count percentage of total count
                 A         B        C        D         E       F
            +---------+---------+-------+---------+---------+-------
      Total |     318 |     455 |  58.9 |      62 |      28 |  31.1
            +---------+---------+-------+---------+---------+-------
        D:1 |      48 |       5 |   9.4 |      20 |       3 |  13.0
        D:2 |      56 |      18 |  24.3 |      19 |       4 |  17.4
        D:3 |      41 |      16 |  28.1 |      14 |       3 |  17.6
        D:4 |     173 |       0 |   0.0 |       9 |       0 |   0.0
      Sewer |       0 |     416 | 100.0 |       0 |      18 | 100.0
            +---------+---------+-------+---------+---------+-------

Illustrated notes

Table legend:
 A = Kills in this place as a percentage of kills in entire the game.
 B = Kills by you in this place as a percentage of kills by you in the entire game.
 C = Kills by friends in this place as a percentage of kills by friends in the entire game.
 D = Other kills in this place as a percentage of other kills in the entire game.
 E = Experience gained in this place as a percentage of experience gained in the entire game.
 F = Experience gained in this place divided by the number of levels of this place that you have seen.
                   A       B       C       D       E      F
               +-------+-------+-------+-------+-------+----------------------
         Total | 100.0 | 100.0 |   N/A |   N/A | 100.0 | 154.6
       Dungeon |  80.0 |  80.0 |   N/A |   N/A |  46.2 |  89.2
         Sewer |  20.0 |  20.0 |   N/A |   N/A |  53.8 | 416.0
               +-------+-------+-------+-------+-------+----------------------

Table legend: (Time is in decaauts)
 A = Elapsed time spent in this place.
 B = Non-inter-level travel time spent in this place.
 C = Inter-level travel time spent in this place.
 D = Time resting spent in this place.
 E = Time spent auto-exploring this place.
 F = Levels seen in this place.
 G = Mean time per level.
                   A        B        C        D        E       F      G
               +--------+--------+--------+--------+--------+-----+--------+
         Total |   3958 |   3706 |    252 |    195 |   2738 |   5 |  791.6 |
       Dungeon |   3633 |   3381 |    252 |    195 |   2572 |   4 |  908.2 |
         Sewer |    324 |    324 |      0 |      0 |    165 |   1 |  324.0 |
               +--------+--------+--------+--------+--------+-----+--------+

Top non-repeatable levels by time:
     D:2: 1480 daAuts
     D:1: 896 daAuts
     D:3: 884 daAuts
     D:4: 372 daAuts
   Sewer: 324 daAuts
